 Dungeon Crawl Stone Soup version 0.19-a0-684-gf760df0 (webtiles) character file.

2700 Kenran the Destroyer (level 9, -7/69 HPs)
             Began as a Pale Draconian Conjurer on June 18, 2016.
             Was a Believer of Vehumet.
             Mangled by an orc warrior
             ... wielding a +0 trident
              (24 damage)
             ... on level 9 of the Dungeon.
             The game lasted 00:44:27 (11181 turns).

Kenran the Destroyer (Pale Draconian Conjurer)     Turns: 11181, Time: 00:44:28

Health: -7/69      AC: 10    Str: 10    XL:     9   Next: 38%
Magic:  3/18       EV: 13    Int: 20    God:    Vehumet [**....]
Gold:   402        SH:  0    Dex: 11    Spells: 4 memorised, 8 levels left

rFire  . . .     SeeInvis .     s - +2 dagger (drain)
rCold  + . .     Gourm    .     (armour unavailable)
rNeg   . . .     Faith    .     (no shield)
rPois  .         Spirit   .     (helmet restricted)
rElec  .         Dismiss  .     D - +0 cloak
rCorr  .         Reflect  .     (no gloves)
SustAt .         Harm     .     k - +1 pair of boots
MR     .....                    (no amulet)
Stlth  ++........               (no ring)
                                q - ring of protection from cold

@: lethally poisoned (-7 -> -13), not resistant to hostile enchantments,
unstealthy
A: breathe steam, unfitting armour, cold-blooded, AC +7
a: Breathe Steam, Renounce Religion


You were on level 9 of the Dungeon.
You worshipped Vehumet.
Vehumet was pleased with you.
You were not hungry.

You visited 2 branches of the dungeon, and saw 10 of its levels.

You collected 402 gold pieces.

Inventory:

Hand Weapons
 s - a +2 dagger of draining (weapon)
 u - a +0 blowgun {@w1}
Missiles
 v - 6 poisoned needles
Armour
 k - a +1 pair of boots (worn)
 D - a +0 cloak (worn)
Jewellery
 q - a ring of protection from cold (left hand)
 z - the ring of Util {rElec rC- rN+ Dex+5 Stlth+, unknown}
   (You found it on level 7 of the Dungeon)

   [ring of dexterity]

   It affects your dexterity (+5).
   It makes you vulnerable to cold.
   It insulates you from electricity.
   It protects you from negative energy.
   It makes you more stealthy.
Wands
 h - a wand of random effects (4/48)
 y - a wand of flame (24/48)
Scrolls
 c - 7 scrolls of identify {@r1}
 f - 2 scrolls of amnesia
 j - a scroll of immolation {!r}
 m - 4 scrolls of remove curse {@r2}
 p - a scroll of magic mapping
 x - a scroll of enchant weapon
Potions
 d - a potion of brilliance
 i - a potion of lignification {!q}
 l - 4 potions of magic
 n - a potion of curing {@q1}
 o - a potion of cancellation
 r - 2 potions of haste {@q3}
 w - a potion of heal wounds {@q2}
 B - 2 potions of might {unknown}
Books
 a - a book of Conjurations

   Spells                             Type                      Level
   a - Magic Dart                     Conjuration                  1
   b - Searing Ray                    Conjuration                  2
   c - Dazzling Spray                 Conjuration/Hexes            3
   d - Fulminant Prism                Conjuration/Hexes            4
   e - Iskenderun's Mystic Blast      Conjuration                  4
   f - Iskenderun's Battlesphere      Conjuration/Charms           5
 e - a book of Necromancy

   Spells                             Type                      Level
   a - Pain                           Necromancy                   1
   b - Animate Skeleton               Necromancy                   1
   c - Vampiric Draining              Necromancy                   3
   d - Regeneration                   Charms/Necromancy            3
   e - Animate Dead                   Necromancy                   4
   f - Control Undead                 Necromancy                   4
Comestibles
 b - 4 bread rations {@e1}
 g - 5 meat rations {@e1}
 t - 4 fruits {@e2}
 A - a chunk of flesh


   Skills:
 - Level 3.0 Fighting
 - Level 3.1 Dodging
 - Level 1.7 Stealth
 - Level 6.0 Spellcasting
 + Level 9.0 Conjurations
 - Level 6.0 Charms


You had 8 spell levels left.
You knew the following spells:

 Your Spells              Type           Power        Failure   Level  Hunger
a - Magic Dart            Conj           ####         1%          1    None
b - Searing Ray           Conj           #####.       1%          2    None
c - Iskenderun's Mystic   Conj           #####...     2%          4    ####...
d - Iskenderun's Battles  Conj/Chrm      #####...     14%         5    #####..


Dungeon Overview and Level Annotations

Branches:
Dungeon (9/15)             Temple (1/1) D:4            Lair (0/6) D:8
    Orc: D:9-12

Altars:
Ashenzari
Cheibriados
Dithmenos
Elyvilon
Fedhas
Gozag
Hepliaklqana
Kikubaaqudgha
Makhleb
Nemelex Xobeh
Okawaru
Pakellas
Qazlal
Ru
Sif Muna
Trog
Uskayaw
Vehumet
Xom
Yredelemnul
Zin
The Shining One

Annotations:
D:3 jedvagenij's ghost, amateur DsCK
D:4 Purgy
D:8 Psyche


Innate Abilities, Weirdness & Mutations

You can breathe blasts of scalding, opaque steam.
Your pale cyan-grey scales are hard. (AC +7)
Your body does not fit into most forms of armour.
You are cold-blooded and may be slowed by cold attacks.


Message History

a dagger; a ring mail; a killer bee corpse x2
Casting: Searing Ray
Confirm with . or Enter, or press ? or * to list all spells.
Aiming: Searing Ray
Press: ? - help, Shift-Dir - straight line The searing ray hits the killer bee.
The killer bee is moderately wounded.
The killer bee stings you. The killer bee closely misses you.
The searing ray hits the killer bee.
The killer bee is severely wounded.
You feel sick. The killer bee stings you.
You are more poisoned.
The killer bee poisons you!
The killer bee stings you but does no damage.
The searing ray misses the killer bee.
The searing ray hits the orc warrior.
The orc warrior is lightly wounded.
You feel sick. The killer bee stings you.
* * * LOW HITPOINT WARNING * * *
The orc warrior hits you from afar with a trident!!
You die...

.....#.########.##
..##...#.# #)# #.....#
#.#
##..###########.########
........................
.#.####.#######.########
...o..o.........#
...####y#########
###@###### # #........#
#.o #........#
yy...##........#
#............#
...#.########### #


You could see an orc warrior and a killer bee.

Vanquished Creatures
  Grinder (D:3)
  A hungry ghost (D:8)
  An ice beast (D:6)
  An orc warrior (D:7)
  A black bear (D:4)
  A phantom (D:5)
  2 ogres
  2 centaurs
  Blork the orc (D:4)
  2 scorpions
  4 killer bees (D:9)
  5 wights (D:6)
  A crimson imp (D:7)
  7 hounds
  A centaur skeleton (D:5)
  An orc priest (D:9)
  A giant frog skeleton (D:7)
  2 iguanas
  Natasha (thrice) (D:3)
  5 orc wizards
  8 worker ants
  A hound zombie (D:5)
  2 hound skeletons
  A worker ant zombie (D:7)
  13 adders
  8 gnolls
  A shadow imp (D:5)
  An ooze (D:1)
  An adder zombie (D:6)
  A worm (D:4)
  4 dart slugs
  3 giant geckos
  17 orcs
  7 giant cockroaches
  3 goblins
  4 hobgoblins
  9 jackals
  8 kobolds
  A quokka (D:5)
  4 ball pythons
  9 bats
  10 giant newts
  2 jackal skeletons
  A jackal zombie (D:3)
  5 rats
167 creatures vanquished.

Notes
Turn   | Place    | Note
--------------------------------------------------------------
     0 | D:1      | Kenran the Draconian Conjurer began the quest for the Orb.
     0 | D:1      | Reached XP level 1. HP: 14/14 MP: 3/3
   163 | D:1      | Reached XP level 2. HP: 9/20 MP: 0/5
   942 | D:1      | Reached skill level 5 in Conjurations
   942 | D:1      | Reached XP level 3. HP: 26/26 MP: 1/6
  1367 | D:2      | Found a glowing golden altar of the Shining One.
  2116 | D:2      | Found an iron altar of Okawaru.
  2205 | D:2      | Learned a level 2 spell: Searing Ray
  2232 | D:3      | Reached XP level 4. HP: 33/33 MP: 5/8
  2264 | D:3      | Noticed jedvagenij's ghost (amateur DsCK)
  2295 | D:3      | Paralysed by jedvagenij's ghost for 3 turns
  2905 | D:3      | Noticed Grinder
  2911 | D:4      | Noticed Blork the orc
  2920 | D:4      | Killed Blork the orc
  2920 | D:4      | Reached XP level 5. HP: 33/38 MP: 1/9
  3006 | D:4      | Noticed Purgy
  3038 | D:4      | Found a staircase to the Ecumenical Temple.
  3225 | D:2      | Learned a level 4 spell: Iskenderun's Mystic Blast
  3684 | D:4      | Reached skill level 6 in Conjurations
  3811 | D:4      | Reached XP level 6. HP: 45/45 MP: 3/10
  4057 | D:4      | Learned a level 5 spell: Iskenderun's Battlesphere
  4247 | D:4      | Found a bloodstained altar of Trog.
  4462 | D:4      | Reached skill level 1 in Charms
  4546 | Temple   | Entered the Ecumenical Temple
  4681 | Temple   | Became a worshipper of Vehumet
  5169 | D:5      | Entered Level 5 of the Dungeon
  5172 | D:5      | Noticed an ice beast
  5787 | D:5      | Your scales start taking on a pale cyan-grey colour.
  5787 | D:5      | Reached XP level 7. HP: 36/50 MP: 8/13
  6196 | D:5      | Reached skill level 1 in Fighting
  6917 | D:3      | Found a sparkling altar of Nemelex Xobeh.
  6975 | D:3      | Reached * piety under Vehumet
  6975 | D:3      | Offered knowledge of Freeze by Vehumet.
  7213 | D:3      | Paralysed by Grinder for 6 turns
  7229 | D:3      | Killed Grinder
  7229 | D:3      | Reached skill level 7 in Conjurations
  7390 | D:3      | Reached XP level 8. HP: 63/63 MP: 14/14
  7691 | D:3      | Noticed Natasha
  7694 | D:3      | Killed Natasha
  7809 | D:3      | Noticed Natasha
  7814 | D:3      | Killed Natasha
  8005 | D:3      | Noticed Natasha
  8011 | D:3      | Killed Natasha
  8184 | D:6      | Reached skill level 5 in Spellcasting
  8359 | D:6      | Found a glowing silver altar of Zin.
  8545 | D:6      | Found an oddly glowing altar of Pakellas.
  8746 | D:6      | Reached skill level 5 in Charms
  9052 | D:6      | Offered knowledge of Shock by Vehumet.
  9136 | D:7      | Found an opulent altar of Gozag.
  9338 | D:7      | Found a blossoming altar of Fedhas.
  9439 | D:7      | Reached ** piety under Vehumet
  9452 | D:7      | Found a hide-covered altar of Uskayaw.
  9496 | D:7      | Reached skill level 8 in Conjurations
 10033 | D:7      | Reached XP level 9. HP: 59/69 MP: 14/18
 10260 | D:7      | Got a brightly glowing ivory ring
 10574 | D:8      | Reached skill level 9 in Conjurations
 10598 | D:8      | Found a staircase to the Lair.
 10844 | D:8      | Noticed Psyche
 11181 | D:9      | Mangled by an orc warrior

Vault maps used:
D:1:      onia_arrival_pyramid
D:2:      old_standard_altar, nicolae_overflow_hidden_temple
D:3:      nemelex_altar_shiori, uniq_grinder, uniq_natasha
D:4:      lemuel_round_altar, minmay_temple_entry_statues_pillars, first_bread,
          kennysheep_generic_room_4, uniq_blork_the_orc, uniq_purgy
D:6:      nicolae_overflow_crystal_walls, lemuel_doored_altar
D:7:      overflow_temple_1_default, fedhas_altar_2, grunt_gozag_statues
D:8:      dpeg_oklobed_lair, uniq_psyche
Temple:   hc_temple_tempest_star

Skill      XL: |  1  2  3  4  5  6  7  8  9 |
---------------+----------------------------+-----
Conjurations   | 5 6 7 8 9 |  9.0
Spellcasting   | 3 4 6 |  6.0
Dodging        | 3 |  3.1
Charms         | 2 3 5 6 |  6.0
Fighting       | 3 |  3.0
Stealth        | |  1.7

Action                   |  1- 3 |  4- 6 |  7- 9 || total
-------------------------+-------+-------+-------++-------
Melee: Unarmed           |     7 |       |       ||     7
       Short sword       |    43 |     1 |       ||    44
       Tailslap          |     1 |     4 |    17 ||    22
       Dagger            |       |    41 |   180 ||   221
 Cast: Magic Dart        |    73 |   102 |   192 ||   367
       Searing Ray       |       |    15 |    26 ||    41
Evoke: Wand              |       |     2 |       ||     2
  Use: Scroll            |     6 |     7 |     4 ||    17
       Potion            |       |     3 |     1 ||     4
 Stab: Sleeping          |       |     3 |     1 ||     4
  Eat: Chunk             |     4 |    11 |    16 ||    31
       Beef jerky        |     1 |       |     1 ||     2
Armor: Skin              |    27 |    40 |    85 ||   152
Dodge: Dodged            |    60 |    80 |   172 ||   312
